 Dungeon Crawl Stone Soup version 0.27-a0-592-g0306a34022 (webtiles) character file.

Game seed: 8467682582604428589

431 tatocazan the Chopper (level 6, -4/48 HPs)
             Began as a Demonspawn Gladiator on Mar 10, 2021.
             Killed by divine providence
             ... invoked by an orc priest
              (16 damage)
             ... on level 4 of the Dungeon.
             The game lasted 00:05:37 (4869 turns).

tatocazan the Chopper (Demonspawn Gladiator)        Turns: 4869, Time: 00:05:37

Health: -4/48      AC: 10    Str: 22    XL:     6   Next: 66%
Magic:  6/6        EV:  9    Int: 10    God:
Gold:   183        SH:  0    Dex: 14    Spells: 5/5 levels left

rFire    . . .     SeeInvis .   y - +9 spear of Gil Voh {pain, Str+6}
rCold    . . .     Faith    .   (no shield)
rNeg     . . .     Spirit   .   f - +0 chain mail
rPois    .         Reflect  .   (helmet restricted)
rElec    .         Harm     .   w - scarf {repulsion}
rCorr    .         Rampage  .   r - +0 pair of gloves
Will     .....                  (no boots)
Stlth    ..........             (no amulet)
HPRegen  0.16/turn              (no ring)
MPRegen  0.10/turn              (no ring)

@: repel missiles
A: antennae 1, powered by pain 1, demonic magic 1
a: no special abilities


You were on level 4 of the Dungeon.
You visited 1 branch of the dungeon, and saw 4 of its levels.

You collected 183 gold pieces.

Inventory:

Hand Weapons
 a - a +0 war axe
 y - the +9 spear of Gil Voh (weapon) {pain, Str+6}
   (You found it on level 4 of the Dungeon)

   In the hands of one skilled in necromantic magic, it inflicts extra damage on
   living creatures.
   It affects your strength (+6).
Missiles
 d - 3 throwing nets
 s - 8 atropa-tipped darts
 u - 2 boomerangs (quivered)
Armour
 b - a +0 leather armour
 c - a +0 helmet
 f - a +0 chain mail (worn)
 r - a +0 pair of gloves (worn)
 w - a scarf of repulsion (worn)
Wands
 v - a wand of mindburst (6)
Scrolls
 g - 3 scrolls of teleportation {unknown}
 h - a scroll of magic mapping {unknown}
 j - 2 scrolls of blinking {unknown}
 l - 2 scrolls of enchant armour {unknown}
 m - a scroll of noise {unknown}
 o - 2 scrolls of identify {unknown}
 p - a scroll of amnesia {unknown}
Potions
 e - a potion of heal wounds
 i - a potion of resistance {unknown}
 k - a potion of haste {unknown}
 q - a potion of flight {unknown}
 t - a potion of invisibility {unknown}
 x - a potion of might {unknown}


   Skills:
 + Level 3.9 Fighting
 + Level 4.1 Axes
 - Level 2.1 Throwing
 + Level 2.5 Armour
 + Level 4.1 Dodging


You had 5 spell levels left.
You didn't know any spells.
Your spell library was empty.

Dungeon Overview and Level Annotations

Branches:
Dungeon (4/15)
 Temple: D:4-7

Altars:
Fedhas
Ru

Annotations:
D:3 3 runed translucent doors, HendSelp's ghost, amateur FoFi


Innate Abilities, Weirdness & Mutations

You have a pair of small antennae on your head.
You sometimes gain a little power by taking damage.
Spells you cast may paralyse adjacent enemies.


Message History

You hit the orc.
The orc is almost dead.
The orc hits you but does no damage. The orc closely misses you.
You hit the orc but do no damage.
The orc is almost dead.
The orc priest calls upon Beogh to heal the orc.
The orc is healed somewhat.
The orc hits you. The orc closely misses you.
You take 2 damage, and have 39/48 hp.
You hit the orc but do no damage.
The orc is lightly wounded.
The orc priest mumbles some strange prayers to Beogh against you.
Beogh smites you! The orc hits you.
You take 15 damage, and have 24/48 hp.
MASSIVE DAMAGE!!
You are too injured to fight recklessly!
You are too injured to fight recklessly!
You are too injured to fight recklessly!
You are too injured to fight recklessly!
As you read the scroll labelled NILIYS BOEHOHO, it crumbles to dust.
The creatures around you are filled with an inner flame!
It was a scroll of immolation.
The orc closely misses you. The orc hits you but does no damage.
The orc priest mumbles some strange prayers to Beogh against you.
Beogh smites you!
* * * LOW HITPOINT WARNING * * *
You take 10 damage, and have 14/48 hp.
MASSIVE DAMAGE!!
The orc priest calls down the wrath of Beogh upon you.
Beogh smites you!
* * * LOW HITPOINT WARNING * * *
An adder comes into view.
You take 10 damage, and have 4/48 hp.
MASSIVE DAMAGE!!
You feel much better. The orc barely misses you.
You regained 17 hp, and now have 21/48 hp.
The orc priest miscasts a cantrip.
The orc priest mumbles some strange prayers to Beogh against you.
Beogh smites you!
* * * LOW HITPOINT WARNING * * *
You take 12 damage, and have 11/48 hp.
MASSIVE DAMAGE!!
The orc priest mumbles some strange prayers to Beogh against you.
Beogh smites you!
You die...

###......<..#.##...#
#.## #.........#.##...#
##.#
#.........#.##..<###..#
#.........#..........##
#...................##
#.).......#.........#
#.........####...####
#.........# #...#
#.........# #@..#
########### #..## ##o.#
#...# #.#.# #.#.# #.#o#
#o..# #.###


You could see an orc priest (inner flame) and 2 orcs.

Vanquished Creatures
  Grinder (D:3)
  An orc priest (D:3)
  Jessica (D:2)
  2 orc wizards
  2 adders (D:2)
  An ooze (D:3)
  4 worms
  5 dart slugs (D:2)
  3 leopard geckos
  13 orcs
  8 bats
  5 giant cockroaches
  2 goblins (D:1)
  9 hobgoblins
  3 jackals (D:2)
  2 ball pythons
  7 frilled lizards
  10 kobolds
  10 rats
89 creatures vanquished.

Notes
Turn   | Place    | Note
-------+----------+-------------------------------------------
     0 | D:1      | tatocazan the Demonspawn Gladiator began the quest for the
                  | Orb.
     0 | D:1      | Reached XP level 1. HP: 16/16 MP: 1/1
    11 | D:1      | You fall into a shaft and drop 1 floor!
    22 | D:2      | Gained mutation: Spells you cast may paralyse adjacent
                  | enemies. [demonic ancestry]
    22 | D:2      | Reached XP level 2. HP: 11/22 MP: 2/2
   543 | D:1      | Gained mutation: You have a pair of small antennae on your
                  | head. [demonic ancestry]
   543 | D:1      | Reached XP level 3. HP: 28/28 MP: 3/3
  2042 | D:2      | Gained mutation: You sometimes gain a little power by
                  | taking damage. [demonic ancestry]
  2042 | D:2      | Reached XP level 4. HP: 6/34 MP: 4/4
  2481 | D:2      | Reached skill level 1 in Armour
  2572 | D:2      | Noticed Jessica
  2580 | D:2      | Killed Jessica
  3403 | D:2      | Reached XP level 5. HP: 29/41 MP: 5/5
  3507 | D:3      | Found a runed translucent gate.
  3507 | D:3      | Found a runed translucent gate.
  3507 | D:3      | Found a runed translucent gate.
  3558 | D:3      | Noticed Grinder
  3561 | D:3      | Killed Grinder
  3562 | D:3      | Reached XP level 6. HP: 39/48 MP: 6/6
  4338 | D:3      | Found a blossoming altar of Fedhas.
  4621 | D:3      | Noticed HendSelp's ghost (amateur FoFi)
  4759 | D:4      | Found a sacrificial altar of Ru.
  4766 | D:4      | Identified the +9 spear of Gil Voh {pain, Str+6}
  4869 | D:4      | Killed from afar by an orc priest

Illustrated notes

Levels and vault maps discovered:
D:1:      minmay_arrival_four_houses, layout_loops_corners
D:2:      layout_rooms, serial_aquarium, aquarium_bridge_square
          [aquarium_subvault_window, aquarium_subvault_bridge,
          aquarium_subvault_bridge, aquarium_subvault_wall],
          aquarium_bridge_island_small [aquarium_subvault_small_open,
          aquarium_subvault_wall, aquarium_subvault_window,
          aquarium_subvault_balcony, aquarium_subvault_bridge],
          aquarium_window_fake, aquarium_window_fake, aquarium_view_2b,
          aquarium_view_2g, aquarium_pool_2, uniq_jessica
D:3:      layout_loops_ring, ebering_ghost_rock_garden, fedhas_altar_fruit_tree,
          uniq_grinder
D:4:      layout_loops_ring, hangedman_ru_absence

Skill      XL: |  1  2  3  4  5 |
---------------+----------------+-----
Throwing       | 2 |  2.1
Dodging        | 3 4 |  4.1
Axes           | 3 4 |  4.1
Armour         | 1 2 |  2.5
Fighting       | 3 |  3.9

Action                   |  1- 3 |  4- 6 || total
-------------------------+-------+-------++-------
Melee: War axe           |   120 |    90 ||   210
       Spear             |       |     8 ||     8
Throw: Boomerang         |       |     1 ||     1
Evoke: Wand              |       |     3 ||     3
  Use: Potion            |       |     5 ||     5
       Scroll            |       |     1 ||     1
 Stab: Sleeping          |     2 |       ||     2
Armor: Leather armour    |    31 |    29 ||    60
       Chain mail        |       |    11 ||    11
Dodge: Dodged            |    85 |    66 ||   151

Table legend: (Time is in decaauts)
 A = Elapsed time spent in this place.
 B = Non-inter-level travel time spent in this place.
 C = Inter-level travel time spent in this place.
 D = Time resting spent in this place.
 E = Time spent auto-exploring this place.
 F = Levels seen in this place.
 G = Mean time per level.
                   A        B        C        D        E       F      G
               +--------+--------+--------+--------+--------+-----+--------+
         Total |   4941 |   4847 |     94 |   2186 |   2024 |   4 | 1235.2 |
       Dungeon |   4941 |   4847 |     94 |   2186 |   2024 |   4 | 1235.2 |
               +--------+--------+--------+--------+--------+-----+--------+

Top non-repeatable levels by time:
     D:2: 2118 daAuts
     D:3: 1330 daAuts
     D:1: 1301 daAuts
     D:4: 191 daAuts
